 Dungeon Crawl Stone Soup version 0.30.0-17-ge0270778cf (webtiles) character file.

Game seed: 6973322495701216254

16277 Kranky the Protected (level 12, -6/107 HPs)
             Began as a Minotaur Gladiator on May 21, 2023.
             Was a High Priest of Okawaru.
             Killed by vampiric draining
             ... invoked by a vampire
              (10 damage)
             ... on level 11 of the Dungeon.
             The game lasted 00:32:10 (12723 turns).

Kranky the Protected (Minotaur Gladiator)          Turns: 12723, Time: 00:32:11

Health: -6/107     AC: 19    Str: 28    XL:     12   Next: 8%
Magic:  13/15      EV: 20    Int: 11    God:    Okawaru [*****.]
Gold:   668        SH:  8    Dex: 18    Spells: 11/11 levels left

rFire   + . .        s - +9 double sword of the Priest {venom, +Blink}
rCold   + . .        g - +0 buckler
rNeg    . . .        K - +2 swamp dragon scales
rPois   +            c - +0 hat
rElec   .            R - +1 cloak of Chill Winds {rCorr Str+4}
rCorr   +            M - +0 pair of gloves
SInv    .            (no boots)
Will    .....        (no amulet)
Stlth   ++           L - ring of the Ego {rPois rF+ rC+ Int+6}
HPRegen 0.37/turn    p - +6 ring of dexterity
MPRegen 0.14/turn

%: no passive effects
@: heroic, studying Armour
A: horns 2, retaliatory headbutt
a: Renounce Religion, Evoke Blink, Heroism, Finesse, Duel


You were on level 11 of the Dungeon.
You worshipped Okawaru.
Okawaru was extremely pleased with you.
You visited 2 branches of the dungeon, and saw 12 of its levels.
You also visited: Bailey and Gauntlet.

You collected 668 gold pieces.

Inventory:

Hand Weapons
 a - a +0 trident of chaos
 s - the +9 double sword of the Priest (weapon) {venom, +Blink}
   (Okawaru gifted it to you on level 9 of the Dungeon)

   +Blink:    It lets you blink.
 y - a +2 trident of protection
 T - the +6 rapier of the Seven Friars {flame, *Noise Str+7 Dex+5}
   (You took it off a minotaur in a Gauntlet)

   Str:       It affects your strength (+7).
   Dex:       It affects your dexterity (+5).
   *Noise:    It may make noises in combat.
Missiles
 d - 3 throwing nets (quivered)
 e - a javelin
 j - 7 silver javelins
 t - 27 poisoned darts
Armour
 c - a +0 hat (worn)
 g - a +0 buckler (worn)
 o - a +0 cloak
 K - +2 swamp dragon scales (worn)
 M - a +0 pair of gloves (worn)
 R - the +1 cloak of Chill Winds (worn) {rCorr Str+4}
   (You found it in a Gauntlet)

   Str:       It affects your strength (+4).
   rCorr:     It protects you from acid and corrosion.
Jewellery
 p - a +6 ring of dexterity (right hand)
 q - the ring "Zovecuz" {Ice rN+ Dex+2}
   (You found it on level 8 of the Dungeon)

   [ring of ice]

   It enhances your ice magic.
   Dex:       It affects your dexterity (+2).
   rF:        It makes you vulnerable to fire.
   rC:        It protects you from cold.
   rN:        It protects you from negative energy.
 x - a ring of positive energy
 L - the ring of the Ego (left hand) {rPois rF+ rC+ Int+6}
   (You found it on level 9 of the Dungeon)

   [ring of intelligence]

   Int:       It affects your intelligence (+6).
   rF:        It protects you from fire.
   rC:        It protects you from cold.
   rPois:     It protects you from poison.
 S - a +6 ring of intelligence
Wands
 B - a wand of flame (30)
 N - a wand of digging (5)
 P - a wand of iceblast (4)
 U - a wand of mindburst (11)
Scrolls
 i - 4 scrolls of enchant weapon
 k - 2 scrolls of fear {unknown}
 l - a scroll of blinking {unknown}
 m - 5 scrolls of brand weapon
 n - a scroll of acquirement
 r - 6 scrolls of teleportation
 w - 4 scrolls of identify
 z - 2 scrolls of enchant armour
 A - a scroll of noise {unknown}
 D - 3 scrolls of fog
 E - a scroll of magic mapping
 F - 2 scrolls of torment
 H - a scroll of poison {unknown}
 O - 3 scrolls of immolation {unknown}
Potions
 b - 2 potions of might
 f - 3 potions of degeneration {unknown}
 h - 2 potions of flight
 u - 2 potions of cancellation {unknown}
 v - 3 potions of curing {unknown}
 C - 2 potions of ambrosia
 G - 2 potions of attraction {unknown}
 I - a potion of berserk rage {unknown}
 J - a potion of resistance {unknown}
 Q - a potion of mutation {unknown}


   Skills:
 + Level 10.5(15.5) Fighting
 + Level 4.5(9.5) Long Blades
 - Level 9.8(14.8) Polearms
 - Level 2.0(7.0) Throwing
 + Level 12.9(17.9) Armour
 + Level 9.1(14.1) Dodging
 - Level 8.0(13.0) Shields
 - Level 6.0 Invocations
 + Level 5.5 Evocations


You had 11 spell levels left.
You didn't know any spells.
Your spell library contained the following spells:

 Spells                   Type           Power      Damage    Failure   Level
 Apportation              Tloc           0%         N/A       45%         1
 Beastly Appendage        Tmut           0%         N/A       45%         1
 Kiss of Death            Conj/Necr      0%         2d5       45%         1
 Necrotise                Necr           0%         1d4       45%         1
 Sublimation of Blood     Necr           0%         N/A       58%         2
 Wereblood                Tmut           0%         N/A       58%         2
 Confusing Touch          Hex            0%         N/A       83%         3
 Portal Projectile        Hex/Tloc       0%         N/A       83%         3
 Spider Form              Tmut/Pois      0%         N/A       83%         3
 Dispel Undead            Necr           0%         3d6       99%         4
 Blade Hands              Tmut           0%         N/A       100%        5
 Summon Small Mammal      Summ           Unusable   N/A       N/A         1
 Tukima's Dance           Hex            Unusable   N/A       N/A         3
 Summon Hydra             Summ           Unusable   N/A       N/A         7

Dungeon Overview and Level Annotations

Branches:
Dungeon (11/15)            Temple (1/1) D:6            Lair (0/5) D:8
 Bailey (visited)         Gauntlet (visited)
    Orc: D:9-12

Altars:
Ashenzari
Cheibriados
Dithmenos
Elyvilon
Fedhas
Gozag
Hepliaklqana
Kikubaaqudgha
Makhleb
Nemelex Xobeh
Okawaru
Qazlal
Ru
Sif Muna
Trog
Uskayaw
Vehumet
Wu Jian
Xom
Yredelemnul
Zin
The Shining One

Annotations:
D:4 2 runed translucent doors, gelatine's ghost, novice DsHu
D:7 2 transporters, jlumianski's ghost, novice DsFi
D:11 1 runed translucent door, SecretSquirrel's ghost, journeyman GrBe


Innate Abilities, Weirdness & Mutations

You have a pair of horns on your head.
You reflexively headbutt those who attack you in melee.


Message History

Something appears at your feet!
You see here a +0 spear of freezing.
Reactivating autopickup.
You feel a bit more experienced. Something hits you but does no damage.
Deactivating autopickup; reactivate with Ctrl-A.
Something bites you!
Something draws strength from your injuries!
You slice something!! Your headbutt misses something.
Something hits you but does no damage. You block something's attack.
You closely miss something. You headbutt something.
You hear some strange, mumbled words.
Something tries to affect you, but you resist.
Something hits you. Something barely misses you.
You hit something. Something hits you. Something bites you.
Something draws strength from your injuries!
You closely miss something. Your headbutt misses something.
Something hits you but does no damage. Something barely misses you.
You slash something! Something barely misses you. Something bites you!
Something draws strength from your injuries!
Something hits you. Something bites you but does no damage.
You hit something. Your headbutt misses something.
Something draws life force from you!
You hit something. Something draws life force from you.
You hit something. Something draws life force from you!
Something hits you but does no damage. Something bites you but does no damage.
You slash something! You headbutt something.
Something hits you but does no damage. Something bites you but does no damage.
You barely miss something. Something draws life force from you!
* * * LOW HITPOINT WARNING * * *
You barely miss something. Something draws life force from you!
* * * LOW HITPOINT WARNING * * *
Something hits you.
* * * LOW HITPOINT WARNING * * *
You block something's attack.
You slice something!! Your headbutt misses something.
Something hits you but does no damage. Something barely misses you.
You barely miss something. Something draws life force from you!
* * * LOW HITPOINT WARNING * * *
You gain the combat prowess of a mighty hero.
Something draws life force from you!
You die...

#.#**,,,,,..#....,,,,,,,****,* *
..# ******#.#.#.#***....* *,* *
..# #.#.#.####...,****,* *
..#########.....#.....,,,,,,,****
.................>...#,,,,,,,,,,,
#.#########.#...##.#.#,,****,****
..........>.#...#,...*,,* *,* *
..#########.#...##)#.#..#***,****
................@{)......,,*,,,,,
.>........#.#...##)#.#.##********
###.........#....,...*,,,,* *
###.........#...##.###,**,* *
.................,..,,,**,*******
###........####.#*.#**,,,,,,,,,,,
<..........,,,...,..,,,**,*******
###########***###*.#**,**,*
,,,,,,,,..# *,***,**,****


There were no monsters in sight!

Vanquished Creatures
  A minotaur (Gauntlet)
  2 vault guards (Bailey)
  Erica (D:8)
  A two-headed ogre (D:11)
  Pikel (D:8)
  A manticore (D:11)
  2 worldbinders (Gauntlet)
  A gargoyle (D:11)
  A smoke demon (Gauntlet)
  Joseph (D:8)
  An eye of devastation (Gauntlet)
  Maggie (D:7)
  A rime drake (D:8)
  2 trolls
  A red devil (Gauntlet)
  A hornet (D:8)
  The ghost of Liamsmithers the Cudgeller, an amateur DsGl (D:6)
  Prince Ribbit (Bailey)
  2 wraiths (D:9)
  A vampire (D:10)
  2 wyverns
  A human (Bailey)
  20 yaks
  A golden eye (Gauntlet)
  A steam dragon (D:9)
  Menkaure (D:5)
  An acid dragon (D:10)
  Duvessa (D:7)
  A water moccasin (D:6)
  2 ice beasts (D:8)
  2 black bears (D:5)
  2 orc warriors
  2 ogres (D:5)
  5 boggarts (Gauntlet)
  A centaur (D:9)
  2 wolves (D:8)
  3 lemures (D:8)
  Blork the orc (D:4)
  4 kobold brigands
  A gnoll sergeant (D:4)
  9 bullfrogs
  3 scorpions
  Dowan (D:7)
  5 killer bees (D:10)
  4 howler monkeys
  3 crimson imps (Gauntlet)
  2 jellies (D:5)
  6 orc priests
  4 hounds
  A gnoll bouda (D:7)
  Jessica (D:3)
  2 sleepcaps (D:5)
  An iguana (D:5)
  9 orc wizards
  15 gnolls
  11 adders
  A worm (D:2)
  6 dart slugs
  35 orcs
  7 ball pythons
  11 bats
  6 endoplasms
  4 giant cockroaches
  12 goblins
  8 hobgoblins
  17 kobolds
  4 quokkas
  2 frilled lizards (D:3)
  5 rats
273 creatures vanquished.

Notes
Turn   | Place    | Note
-------+----------+-------------------------------------------
     0 | D:1      | Kranky the Minotaur Gladiator began the quest for the Orb.
     0 | D:1      | Reached XP level 1. HP: 18/18 MP: 0/0
   252 | D:1      | Reached XP level 2. HP: 25/25 MP: 1/1
   336 | D:1      | Reached skill level 1 in Armour
   385 | D:1      | Reached skill level 1 in Shields
   556 | D:1      | Reached XP level 3. HP: 22/30 MP: 2/2
  1046 | D:2      | Found a faded altar of an unknown god.
  1054 | D:2      | Reached XP level 4. HP: 38/38 MP: 3/3
  1503 | D:3      | Reached skill level 2 in Armour
  1603 | D:3      | Noticed Jessica
  1627 | D:3      | Killed Jessica
  1628 | D:3      | Reached XP level 5. HP: 42/45 MP: 4/4
  2819 | D:4      | Reached XP level 6. HP: 52/52 MP: 5/5
  2856 | D:4      | Reached skill level 5 in Polearms
  2856 | D:4      | Reached skill level 3 in Armour
  3084 | D:4      | Found a large runed translucent door.
  3084 | D:4      | Found a large runed translucent door.
  3087 | D:4      | Noticed gelatine's ghost (novice DsHu)
  3604 | D:5      | Entered Level 5 of the Dungeon
  3604 | D:5      | Noticed Blork the orc
  3616 | D:4      | Killed Blork the orc
  3701 | D:5      | Reached skill level 5 in Dodging
  3701 | D:5      | Reached XP level 7. HP: 42/60 MP: 6/6
  3811 | D:5      | Found a burning altar of Makhleb.
  3823 | D:5      | Reached skill level 4 in Armour
  3948 | D:5      | Reached skill level 5 in Fighting
  3976 | D:5      | Noticed Menkaure
  3983 | D:5      | Killed Menkaure
  4033 | D:5      | Reached XP level 8. HP: 8/69 MP: 7/7
  4445 | D:5      | Reached skill level 5 in Armour
  4446 | D:5      | Reached skill level 5 in Shields
  4582 | D:6      | Found a staircase to the Ecumenical Temple.
  4586 | Temple   | Entered the Ecumenical Temple
  4883 | Temple   | Became a worshipper of Warmaster Okawaru
  4956 | D:6      | Found a runed translucent door.
  5230 | D:6      | Noticed Liamsmithers's ghost (amateur DsGl)
  5512 | D:6      | Reached skill level 6 in Armour
  5823 | D:6      | Killed Liamsmithers's ghost
  5981 | D:6      | Identified 2 scrolls of acquirement
  5981 | D:6      | Acquired a manual of Armour
  6080 | D:7      | Noticed Maggie
  6116 | D:7      | Killed Maggie
  6116 | D:7      | Reached * piety under Okawaru
  6117 | D:7      | Reached XP level 9. HP: 62/79 MP: 8/8
  6154 | D:7      | Reached skill level 7 in Armour
  6254 | D:7      | Noticed Duvessa
  6254 | D:7      | Noticed Dowan
  6265 | D:7      | Killed Dowan
  6268 | D:7      | Killed Duvessa
  6478 | D:7      | Found a transporter.
  6478 | D:7      | Noticed a troll
  6478 | D:7      | Noticed a moth of wrath
  6478 | D:7      | Noticed jlumianski's ghost (novice DsFi)
  6481 | D:7      | Found a bloodstained altar of Trog.
  6497 | D:7      | Found a transporter.
  6549 | D:7      | Identified the +0 chain mail "Micuroik" {MP+9}
  6563 | D:7      | Found a shadowy altar of Dithmenos.
  6778 | D:8      | Found a flagged portal.
  6805 | Bailey   | Entered a bailey
  6845 | Bailey   | Reached ** piety under Okawaru
  6846 | Bailey   | Reached skill level 8 in Armour
  6846 | Bailey   | Reached skill level 1 in Invocations
  6846 | Bailey   | Reached skill level 1 in Evocations
  6922 | Bailey   | Noticed a vault guard
  6922 | Bailey   | Noticed Prince Ribbit
  6971 | Bailey   | Killed Prince Ribbit
  6976 | Bailey   | Killed a vault guard
  6977 | Bailey   | Reached XP level 10. HP: 26/88 MP: 10/10
  7206 | Bailey   | Noticed a vault guard
  7244 | Bailey   | Killed a vault guard
  7244 | Bailey   | Reached *** piety under Okawaru
  7245 | Bailey   | Reached skill level 9 in Armour
  7613 | D:8      | Identified the ring "Zovecuz" {Ice rN+ Dex+2}
  7676 | D:8      | Noticed Joseph
  7698 | D:8      | Killed Joseph
  8002 | D:8      | Reached **** piety under Okawaru
  8003 | D:8      | Reached skill level 10 in Armour
  8106 | D:8      | Found a staircase to the Lair.
  8257 | D:8      | Found a basalt altar of Yredelemnul.
  8294 | D:8      | Noticed Erica
  8320 | D:8      | HP: 4/90 [something/lance of force (16)]
  8328 | D:8      | Killed Erica
  8510 | D:8      | Noticed Pikel
  8590 | D:8      | Killed Pikel
  8829 | D:8      | Reached ***** piety under Okawaru
  8976 | D:8      | Reached XP level 11. HP: 81/97 MP: 13/13
  9138 | D:9      | Reached skill level 11 in Armour
  9142 | D:9      | Identified the +9 double sword of the Priest {venom,
                  | +Blink} (Okawaru gifted it to you on level 9 of the
                  | Dungeon)
  9142 | D:9      | Received a gift from Okawaru
  9436 | D:9      | Found a glowing silver altar of Zin.
  9552 | D:9      | Reached skill level 1 in Long Blades
  9556 | D:9      | Identified the ring of the Ego {rPois rF+ rC+ Int+6}
  9760 | D:10     | Entered Level 10 of the Dungeon
  9779 | D:10     | Found a shimmering altar of Xom.
  9800 | D:10     | Reached skill level 5 in Invocations
 10134 | D:10     | Received a gift from Okawaru
 10299 | D:10     | Reached skill level 12 in Armour
 10791 | D:11     | Noticed a two-headed ogre
 10791 | D:11     | Found a gate leading to a gauntlet.
 10798 | D:11     | Killed a two-headed ogre
 10799 | D:11     | Reached skill level 10 in Fighting
 10894 | Gauntlet | Entered a Gauntlet
 10894 | Gauntlet | Found a transporter.
 10894 | Gauntlet | Found a transporter.
 10897 | Gauntlet | Noticed a ghost crab
 10931 | Gauntlet | Found a transporter.
 10933 | Gauntlet | Found a transporter.
 10934 | Gauntlet | Found a transporter.
 10940 | Gauntlet | Noticed a necromancer
 10943 | Gauntlet | Noticed a death yak
 10945 | Gauntlet | Noticed a death yak
 10946 | Gauntlet | Noticed a death yak
 10947 | Gauntlet | Found the ring of the Tortoise {AC+8}
 10949 | Gauntlet | Found a transporter.
 10950 | Gauntlet | Found a transporter.
 10957 | Gauntlet | Found a transporter.
 10965 | Gauntlet | Found a transporter.
 10985 | Gauntlet | Found a transporter.
 10991 | Gauntlet | Found a transporter.
 11009 | Gauntlet | Found a transporter.
 11286 | Gauntlet | Identified the +1 cloak of Chill Winds {rCorr Str+4}
 11313 | Gauntlet | Reached skill level 5 in Evocations
 11421 | Gauntlet | Noticed a deep elf zephyrmancer
 11421 | Gauntlet | Noticed a deep elf knight
 11421 | Gauntlet | Noticed a deep elf pyromancer
 11423 | Gauntlet | Noticed a soul eater
 11428 | Gauntlet | Noticed a catoblepas
 11447 | Gauntlet | Noticed a cyan very ugly thing
 11447 | Gauntlet | Noticed an ironbound thunderhulk
 11447 | Gauntlet | Noticed a purple very ugly thing
 11686 | Gauntlet | Noticed a mana viper
 11691 | Gauntlet | Noticed a naga warrior
 11695 | Gauntlet | Noticed a mana viper
 11699 | Gauntlet | a black mamba changed into a harpy
 11699 | Gauntlet | Noticed a harpy
 11730 | Gauntlet | Noticed a shining eye
 11734 | Gauntlet | HP: 5/101 [poisoned by a chaos spawn]
 12038 | Gauntlet | Identified the +6 rapier of the Seven Friars {flame, *Noise
                  | Str+7 Dex+5}
 12038 | Gauntlet | Noticed a minotaur
 12045 | Gauntlet | Killed a minotaur
 12046 | Gauntlet | Reached XP level 12. HP: 93/107 MP: 8/15
 12101 | D:11     | Found a runed translucent door.
 12102 | D:11     | Noticed SecretSquirrel's ghost (journeyman GrBe)
 12669 | D:11     | Found the +5 Lochaber axe {reach-cleave, Poleaxe Drain}
 12708 | D:11     | Received a gift from Okawaru
 12722 | D:11     | HP: 4/107 [something (9)]
 12723 | D:11     | Killed from afar by a vampire

Illustrated notes

Levels and vault maps discovered:
D:1:      dpeg_arrival_stone_temple_mockup, layout_basic, minmay_unequal
D:2:      layout_basic, chequers_ecumenical_altar_simple
D:3:      layout_basic, uniq_jessica
D:4:      layout_gridville, ebering_ghost_disaster_area, nicolae_grassy_gnolls
D:5:      layout_rooms, nicolae_overflow_crystal_walls,
          kennysheep_generic_room_10, uniq_menkaure, uniq_blork_the_orc
D:6:      layout_basic, temple_statues, hellmonk_ghost_happy_afterlife,
          minivault_25
D:7:      layout_cave_pools, nicolae_dithmenos_through_a_glass_darkly,
          gammafunk_ghost_wrathful_warriors, uniq_duvessa, uniq_maggie
D:8:      layout_loops_corners, lemuel_doored_altar, hellmonk_lair_entry_icy,
          enter_bailey_5, uniq_joseph, uniq_pikel, uniq_erica
D:9:      layout_roguey, mainiacjoe_overflow_alcove_1
D:10:     layout_loops_ring, mainiacjoe_overflow_cross_hatched, uniq_urug
D:11:     layout_basic, ebering_ghost_reflecting_pool, gauntlet_entry_generic,
          chei_slow_surprise
Temple:   minmay_temple_bridge_d

Skill      XL: |  1  2  3  4  5  6  7  8  9 10 11 |
---------------+----------------------------------+-----
Armour         | 1 2 3 4 6 8 10 12 | 12.9
Shields        | 1 2 3 4 6 7 8 |  8.0
Polearms       | 4 5 6 7 8 9 |  9.8
Fighting       | 3 4 5 7 8 9 10 | 10.5
Dodging        | 4 5 6 7 9 |  9.1
Invocations    | 2 4 6 |  6.0
Evocations     | 2 3 5 |  5.5
Long Blades    | 4 |  4.5
Throwing       | |  2.0

Action                     |  1- 3 |  4- 6 |  7- 9 | 10-12 || total
---------------------------+-------+-------+-------+-------++-------
  Melee: Trident           |   104 |   162 |   378 |   233 ||   877
         Headbutt          |     9 |    15 |    59 |   114 ||   197
         Double sword      |       |       |       |   232 ||   232
 Invoke: Heroism           |       |       |       |     3 ||     3
         Finesse           |       |       |       |     1 ||     1
    Use: Potion            |       |       |     1 |     6 ||     7
         Scroll            |       |       |    13 |     1 ||    14
   Stab: Sleeping          |       |     1 |       |       ||     1
         Petrified         |       |       |       |     4 ||     4
         Petrifying        |       |       |       |     1 ||     1
 Armour: Leather armour    |    24 |    15 |       |       ||    39
         Ring mail         |       |    10 |    68 |       ||    78
         Swamp dragon scal |       |       |    58 |   166 ||   224
  Dodge: Dodged            |    58 |    92 |   144 |   248 ||   542
  Block: Buckler           |    13 |    18 |    83 |   142 ||   256
